 Dungeon Crawl Stone Soup version 0.30-a0-424-g7412bad402 (webtiles) character file.

Game seed: 4570184783668141524

166783 Armakuni the Nimble (level 17, -15/138 HPs)
             Began as a Gnoll Monk on Dec 6, 2022.
             Was an Elder of the Shining One.
             Killed from afar by a quicksilver dragon (25 damage)
             ... with a bolt of dispelling energy
             ... on level 4 of the Snake Pit on Dec 9, 2022.
             The game lasted 01:45:58 (29116 turns).

Armakuni the Nimble (Gnoll Monk)                   Turns: 29116, Time: 01:45:59

Health: -15/138    AC: 23    Str: 20    XL:     17   Next: 91%
Magic:  18/33      EV: 23    Int: 10    God:    the Shining One [****..]
Gold:   1640       SH: 22    Dex: 27    Spells: 23/40 levels left

rFire   . . .      SeeInvis .    a - +2 scimitar (flame)
rCold   . . .      Faith    .    m - +2 buckler
rNeg    + + .      Spirit   .    Y - +5 ring mail of the Thirsty Eyes {Dex+5}
rPois   +          Reflect  .    X - +1 hat of Anonaps {Rampage rElec rPois Will+}
rElec   +          Harm     .    J - +0 cloak
rCorr   .          Rampage  +    I - +0 pair of gloves
Will    +++..                    W - +1 pair of boots
Stlth   ++........               R - amulet of regeneration
HPRegen 1.23/turn                V - +6 ring of strength
MPRegen 0.23/turn                A - ring "Wang" {Drain Will+ AC+4 Dex+3}

@: divinely shielded, weakened, glowing
A: fangs 1, strong nose, distributed training
a: Renounce Religion, Divine Shield, Cleansing Flame


You were on level 4 of the Snake Pit.
You worshipped the Shining One.
The Shining One was greatly pleased with you.
You visited 5 branches of the dungeon, and saw 27 of its levels.
You also visited: Bailey, Gauntlet and Ice Cave.

You collected 3173 gold pieces.
You spent 1533 gold pieces at shops.

Inventory:

Hand Weapons
 a - a +2 scimitar of flaming (weapon)
Missiles
 q - 34 poisoned darts
 E - 10 boomerangs (quivered)
 F - 10 javelins
 K - 2 boomerangs of dispersal
 L - 8 silver javelins
Armour
 m - a +2 buckler (worn)
 I - a +0 pair of gloves (worn)
 J - a +0 cloak (worn)
 W - a +1 pair of boots (worn)
 X - the +1 hat of Anonaps (worn) {Rampage rElec rPois Will+}
   (You found it in a Gauntlet)

   rElec:     It insulates you from electricity.
   rPois:     It protects you from poison.
   Rampage:   It bestows one free step when moving towards enemies.
   Will:      It increases your willpower.
 Y - the +5 ring mail of the Thirsty Eyes (worn) {Dex+5}
   (You took it off a minotaur in a Gauntlet)

   Dex:       It affects your dexterity (+5).
Jewellery
 A - the ring "Wang" (right hand) {Drain Will+ AC+4 Dex+3}
   (You found it in an ice cave)

   [ring of protection]

   AC:        It affects your AC (+4).
   Dex:       It affects your dexterity (+3).
   Drain:     It drains your maximum health when unequipped.
   Will:      It increases your willpower.
 R - an amulet of regeneration (around neck)
 V - a +6 ring of strength (left hand)
Wands
 e - a wand of roots (18)
 h - a wand of acid (17)
 k - a wand of digging (17)
 v - a wand of flame (43)
 Q - a wand of paralysis (10)
 U - a wand of mindburst (5)
Scrolls
 f - 5 scrolls of blinking
 n - 5 scrolls of amnesia
 u - 13 scrolls of identify
 w - 5 scrolls of brand weapon
 x - 3 scrolls of silence
 y - 3 scrolls of noise
 z - 3 scrolls of magic mapping
 C - 6 scrolls of vulnerability
 H - 13 scrolls of teleportation
 M - 2 scrolls of poison
 N - 3 scrolls of enchant weapon
 O - 5 scrolls of enchant armour
 P - 2 scrolls of butterflies
 S - 5 scrolls of summoning
 T - 5 scrolls of fear
Potions
 c - 6 potions of ambrosia
 d - 6 potions of cancellation
 g - 5 potions of might
 i - 6 potions of flight
 j - 5 potions of lignification
 p - 4 potions of haste
 r - 3 potions of mutation
 s - 5 potions of curing
 B - 3 potions of resistance
 D - 9 potions of heal wounds
 G - 2 potions of brilliance
Miscellaneous
 l - a box of beasts
 t - a tin of tremorstones (1/2)


   Skills:
 + Level 13.9 Fighting
 + Level 12.4 Short Blades
 + Level 13.9 Long Blades
 + Level 12.4 Axes
 + Level 12.4 Maces & Flails
 + Level 12.4 Polearms
 + Level 12.4 Staves
 + Level 12.4 Ranged Weapons
 + Level 12.4 Throwing
 + Level 12.4 Armour
 + Level 13.9 Dodging
 + Level 13.0 Stealth
 + Level 12.4 Shields
 + Level 12.4 Unarmed Combat
 + Level 12.4 Spellcasting
 + Level 10.5 Conjurations
 + Level 10.5 Hexes
 + Level 10.5 Summonings
 + Level 10.5 Necromancy
 + Level 10.5 Translocations
 + Level 10.5 Transmutations
 + Level 10.5 Fire Magic
 + Level 10.5 Ice Magic
 + Level 10.5 Air Magic
 + Level 10.5 Earth Magic
 + Level 10.5 Poison Magic
 + Level 13.4 Invocations
 + Level 12.4 Evocations


You had 23 spell levels left.
You knew the following spells:

 Your Spells              Type           Power      Damage    Failure   Level
b - Blink                 Tloc           54%        N/A       1%          2
k - Call Canine Familiar  Summ           27%        N/A       1%          3
m - Iskenderun's Mystic   Conj/Tloc      27%        2d7       2%          4
o - Teleport Other        Tloc           27%        N/A       1%          3
p - Portal Projectile     Hex/Tloc       54%        N/A       1%          3
w - Wereblood             Tmut           27%        N/A       1%          2

Your spell library contained the following spells:

 Spells                   Type           Power      Damage    Failure   Level
 Beastly Appendage        Tmut           54%        N/A       1%          1
 Sting                    Tmut/Pois      100%       1d8       1%          1
 Summon Small Mammal      Summ           100%       N/A       1%          1
 Ensorcelled Hibernation  Hex/Ice        54%        N/A       1%          2
 Momentum Strike          Conj/Tloc      54%        3d9       1%          2
 Poisonous Vapours        Pois/Air       54%        N/A       1%          2
 Scorch                   Fire           54%        2d7       1%          2
 Dazzling Flash           Conj/Hex       54%        N/A       1%          3
 Gell's Gravitas          Tloc           27%        N/A       1%          3
 Kindle Blastsparks       Fire/Tloc/Air  54%        2d14      1%          3
 Lesser Beckoning         Tloc           54%        N/A       1%          3
 Ozocubu's Armour         Ice            27%        N/A       1%          3
 Spider Form              Tmut/Pois      27%        N/A       1%          3
 Summon Guardian Golem    Hex/Summ       27%        N/A       1%          3
 Airstrike                Air            13%        2d(2-18)  2%          4
 Anguish                  Hex/Necr       13%        N/A       2%          4
 Flame Wave               Conj/Fire      27%        2d9       2%          4
 Fulminant Prism          Conj/Hex       13%        3d9       2%          4
 Leda's Liquefaction      Hex/Erth       13%        N/A       2%          4
 Olgreb's Toxic Radiance  Pois           27%        N/A       2%          4
 Summon Ice Beast         Ice/Summ       27%        N/A       2%          4
 Summon Lightning Spire   Summ/Air       27%        N/A       2%          4
 Alistair's Intoxication  Tmut/Pois      18%        N/A       7%          5
 Borgnjor's Vile Clutch   Necr/Erth      13%        N/A       7%          5
 Lee's Rapid Deconstruct  Erth           13%        3d9*      7%          5
 Lightning Bolt           Conj/Air       13%        1d27      7%          5
 Summon Mana Viper        Hex/Summ       27%        N/A       7%          5
 Dispersal                Tloc           13%        N/A       36%         6
 Eringya's Noxious Bog    Tmut/Pois      13%        N/A       36%         6
 Starburst                Conj/Fire      13%        6d6       36%         6
 Summon Cactus Giant      Summ           13%        N/A       36%         6
 Monstrous Menagerie      Summ           13%        N/A       91%         7
 Orb of Destruction       Conj           13%        9d7       91%         7
 Ozocubu's Refrigeration  Ice            13%        4d10      91%         7
 Spellforged Servitor     Conj/Summ      13%        N/A       91%         7


Dungeon Overview and Level Annotations

Branches:
Dungeon (15/15)            Temple (1/1) D:6            Lair (5/5) D:8
 Shoals (0/4) Lair:3        Snake (4/4) Lair:3        Slime (0/5) Lair:4
    Orc (2/2) D:11            Elf (0/3) Orc:2        Vaults (0/5) D:13
 Depths (0/4) D:15         Bailey (visited)           IceCv (visited)
Gauntlet (visited)

Altars:
Ashenzari
Cheibriados
Dithmenos
Elyvilon
Fedhas
Gozag
Hepliaklqana
Kikubaaqudgha
Makhleb
Nemelex Xobeh
Okawaru
Qazlal
Ru
Sif Muna
Trog
Uskayaw
Vehumet
Wu Jian
Xom
Yredelemnul
Zin
The Shining One
Jiyva

Shops:
D:6 ?   Orc:1 ([(?   Orc:2 *:[[[**[?

Portals:
Abyss: Snake:2

Annotations:
D:8 3 runed translucent doors, exclusion: 3 doors, crasatator's ghost, novice TrFi
Snake:2 2 transporters, Dipij's ghost, adept DEFE


Innate Abilities, Weirdness & Mutations

You have very sharp teeth.
Your uncanny sense of smell can sniff out nearby items.
Your experience applies equally to all skills.


Message History

Press: ? - help, Dir - look around, f - activate The golden flame engulfs you but does no damage.
You resist.
The golden flame engulfs the naga.
The naga is heavily wounded.
The golden flame engulfs the quicksilver dragon!
The quicksilver dragon is moderately wounded.
The golden flame engulfs the salamander tyrant!
The salamander tyrant is almost dead.
The golden flame engulfs the quicksilver dragon!!
The quicksilver dragon is severely wounded.
You block the quicksilver dragon's attack.
The quicksilver dragon claws you but does no damage.
The naga spits poison at you. You block the splash of poison.
The naga constricts you.
* * * LOW HITPOINT WARNING * * *
The salamander tyrant hits you but does no damage.
You block the quicksilver dragon's attack. x2
The naga sharpshooter gestures wildly while chanting.
The naga sharpshooter magically shoots an arrow.
The arrow hits you!
* * * LOW HITPOINT WARNING * * *
The quicksilver dragon bites you but does no damage.
The quicksilver dragon claws you but does no damage.
Activating: Cleansing Flame (1% risk of failure)
Press: ? - help, Dir - look around, f - activate The golden flame engulfs you but does no damage.
You resist.
The golden flame engulfs the naga!!!
You kill the naga!
The golden flame engulfs the quicksilver dragon!
The quicksilver dragon is heavily wounded.
The golden flame engulfs the salamander tyrant!
You kill the salamander tyrant!
The golden flame engulfs the quicksilver dragon!!
The quicksilver dragon is almost dead.
The quicksilver dragon breathes dispelling energy at you.
The bolt of dispelling energy misses you.
The quicksilver dragon breathes dispelling energy at you.
The bolt of dispelling energy hits you!!
Your magical effects are unravelling.
You die...

..###.....## ##..
...#........ #...
8..'...⌠.... #...
#.....†.. ..8.#
##.....## #N.######
##8.####
+......######...##..
##)DD...##.......#..
##@##...........#..
#...##..#..#...##..
#.../.#..#####.##...
#8.⌠..'.## ..#....
#.....#.. ..#....
##.8.##.... .##....
#####.....####.....
...###.....).)
........<.


You could see 2 quicksilver dragons and a naga sharpshooter.

Vanquished Creatures
  Saint Roka (Snake:2)
  Asterion (Snake:2)
  The ghost of NoAnimeNoLife the Impregnable, an adept MiFi of Jiyva (Snake:3)
  A nagaraja (Snake:4)
  A slime creature (D:13)
  A minotaur (Gauntlet)
  An ettin (Orc:2)
  Josephine (D:12)
  2 fire dragons
  Harold (D:9)
  A yaktaur captain (D:13)
  An ice dragon (IceCv)
  The ghost of SlaveLabor the Destroyer, a journeyman DECj of Kikubaaqudgha (Lair:2)
  A catoblepas (Lair:5)
  4 hydras
  3 salamander tyrants
  11 two-headed ogres
  3 centaur warriors
  16 anacondas
  7 naga warriors
  An orc high priest (Orc:2)
  9 shock serpents
  A soul eater (D:13)
  4 sun demons (D:13)
  11 naga sharpshooters
  3 sixfirhies
  A fire crab (Gauntlet)
  5 skeletal warriors (D:14)
  A death drake (Gauntlet)
  A salamander mystic (Snake:4)
  A flayed ghost (D:12)
  A swamp dragon (Lair:5)
  6 sea snakes
  7 naga ritualists
  6 deep elf zephyrmancers
  8 orc knights
  A necromancer (D:15)
  7 deep elf pyromancers
  7 mana vipers
  5 orc sorcerers
  9 cyclopes
  15 salamanders
  4 manticores
  An ugly thing (D:12)
  A moth of wrath (Snake:3)
  2 spectral centaurs (Gauntlet)
  4 elephants (Lair:5)
  Maurice (D:12)
  33 black mambas
  2 ice statues (IceCv)
  A centaur zombie (Gauntlet)
  12 naga magi
  2 guardian serpents
  A rust devil (D:13)
  A smoke demon (Gauntlet)
  8 cane toads
  A gargoyle (D:10)
  2 torpor snails (Lair:5)
  2 centaur skeletons (D:15)
  An orange demon (D:13)
  2 unseen horrors
  5 rime drakes
  Psyche (D:11)
  An efreet (D:15)
  A spectral redback (Gauntlet)
  2 freezing wraiths
  8 komodo dragons
  5 yaktaurs
  An ice devil (D:13)
  2 hellwings (D:13)
  3 red devils
  6 trolls
  6 meliai (D:13)
  Prince Ribbit (D:5)
  A queen bee (D:13)
  9 polar bears (Lair:5)
  A tarantella (shapeshifter) (D:15)
  6 saltlings (Orc:2)
  A hornet (D:9)
  3 dream sheep (Lair:5)
  4 raiju
  A wind drake (Lair:3)
  3 blink frogs (Lair:4)
  Sigmund (D:3)
  2 water elementals (D:12)
  3 shadows (D:12)
  A wyvern (D:8)
  3 spriggans (Bailey)
  2 humans (D:7)
  55 yaks
  13 wraiths
  5 fire bats
  2 steam dragons
  4 chaos spawn (D:13)
  2 basilisks
  2 neqoxecs (D:13)
  3 vampire mosquitoes (D:11)
  A death yak simulacrum (Lair:1)
  5 wargs
  30 nagas
  9 acid dragons
  16 hell hounds
  9 water moccasins
  34 orc warriors
  3 swamp drakes (Lair:5)
  12 black bears
  An ice beast (D:8)
  13 wolves
  13 ogres
  3 centaurs
  2 phantoms
  A kobold brigand (D:11)
  4 necrophages
  12 bullfrogs
  A gnoll sergeant (D:7)
  4 scorpions
  2 hornet simulacra (D:15)
  38 killer bees
  6 lindwurm simulacra (IceCv)
  10 electric eels
  4 howler monkeys (D:9)
  2 crimson imps (Gauntlet)
  A wyvern simulacrum (D:8)
  7 hounds
  4 jellies (Lair:4)
  3 komodo dragon simulacra (IceCv)
  22 orc priests
  9 iguanas
  23 orc wizards
  A polar bear simulacrum (Lair:1)
  2 centaur simulacra
  7 acid dragon simulacra (IceCv)
  4 adders
  3 gnolls (D:7)
  3 shadow imps
  2 white imps
  4 ufetubi
  5 steam dragon simulacra (IceCv)
  A worm (D:2)
  4 dart slugs
  103 orcs
  9 endoplasms
  3 giant cockroaches
  21 goblins
  6 hobgoblins
  11 jackals
  4 quokkas
  A ball python (D:3)
  13 bats
  3 frilled lizards
  11 kobolds
  8 rats
  A pillar of salt (Orc:2)
953 creatures vanquished.

Vanquished Creatures (collateral kills)
  An ettin (Orc:2)
  2 naga warriors
  A mana viper (Snake:2)
  A salamander (Snake:4)
  A black mamba (Snake:2)
  A slime creature (D:13)
  An ogre (Orc:1)
8 creatures vanquished.

Vanquished Creatures (others)
  A wolf (Lair:5)
  An orc wizard (Orc:2)
  An orc (D:7)
  14 demonic plants (D:13)
  36 fungi
  13 pillars of salt (Orc:2)
  75 plants
  A withered plant (Gauntlet)
142 creatures vanquished.

Grand Total: 1103 creatures vanquished

Notes
Turn   | Place    | Note
-------+----------+-------------------------------------------
     0 | D:1      | Armakuni the Gnoll Monk began the quest for the Orb.
     0 | D:1      | Reached XP level 1. HP: 23/23 MP: 1/1
   254 | D:1      | Reached XP level 2. HP: 29/29 MP: 2/2
   731 | D:2      | Found a burning altar of Makhleb.
   746 | D:2      | Reached XP level 3. HP: 34/35 MP: 3/3
   862 | D:2      | Reached skill level 1 in Invocations
  1038 | D:2      | Reached skill level 1 in Short Blades
  1038 | D:2      | Reached skill level 1 in Axes
  1038 | D:2      | Reached skill level 1 in Maces & Flails
  1038 | D:2      | Reached skill level 1 in Polearms
  1038 | D:2      | Reached skill level 1 in Staves
  1038 | D:2      | Reached skill level 1 in Ranged Weapons
  1038 | D:2      | Reached skill level 1 in Throwing
  1038 | D:2      | Reached skill level 1 in Armour
  1038 | D:2      | Reached skill level 1 in Shields
  1038 | D:2      | Reached skill level 1 in Unarmed Combat
  1038 | D:2      | Reached skill level 1 in Spellcasting
  1038 | D:2      | Reached skill level 1 in Evocations
  1076 | D:2      | Reached XP level 4. HP: 41/41 MP: 5/5
  1410 | D:3      | Noticed an ogre
  1484 | D:3      | Noticed a necrophage
  1485 | D:3      | Noticed Sigmund
  1531 | D:2      | Killed a necrophage
  1532 | D:2      | Reached skill level 1 in Conjurations
  1532 | D:2      | Reached skill level 1 in Hexes
  1532 | D:2      | Reached skill level 1 in Summonings
  1532 | D:2      | Reached skill level 1 in Necromancy
  1532 | D:2      | Reached skill level 1 in Translocations
  1532 | D:2      | Reached skill level 1 in Transmutations
  1532 | D:2      | Reached skill level 1 in Fire Magic
  1532 | D:2      | Reached skill level 1 in Ice Magic
  1532 | D:2      | Reached skill level 1 in Air Magic
  1532 | D:2      | Reached skill level 1 in Earth Magic
  1532 | D:2      | Reached skill level 1 in Poison Magic
  1532 | D:2      | Reached XP level 5. HP: 34/47 MP: 5/7
  1653 | D:3      | Killed Sigmund
  1654 | D:3      | Reached XP level 6. HP: 51/53 MP: 7/9
  1887 | D:3      | Found a radiant altar of Vehumet.
  2151 | D:4      | You fall into a shaft and drop 1 floor!
  2151 | D:5      | Entered Level 5 of the Dungeon
  2171 | D:5      | Reached XP level 7. HP: 60/60 MP: 10/10
  2430 | D:3      | Reached skill level 5 in Stealth
  2633 | D:4      | Found a blossoming altar of Fedhas.
  2682 | D:4      | Reached XP level 8. HP: 65/67 MP: 12/12
  3335 | D:5      | Learned a level 2 spell: Blink
  3414 | D:5      | Noticed Prince Ribbit
  3429 | D:5      | Killed Prince Ribbit
  3481 | D:5      | Found a sacrificial altar of Ru.
  3695 | D:6      | Found a staircase to the Ecumenical Temple.
  3701 | Temple   | Entered the Ecumenical Temple
  3775 | Temple   | Became a worshipper of the Shining One
  3775 | Temple   | Reached * piety under the Shining One
  3775 | Temple   | Reached ** piety under the Shining One
  3955 | D:6      | Found Meivuph's Magic Scroll Boutique.
  3993 | D:6      | Found a burning altar of Makhleb.
  3993 | D:6      | Found a hide-covered altar of Uskayaw.
  4062 | D:6      | Reached XP level 9. HP: 73/73 MP: 14/14
  4111 | D:6      | Found an opulent altar of Gozag.
  4914 | D:7      | Reached skill level 5 in Invocations
  5053 | D:7      | Found an iron altar of Okawaru.
  5121 | D:7      | Identified the +8 rapier of the Orb {antimagic, Int+2 SInv}
  5630 | D:8      | Reached skill level 5 in Short Blades
  5630 | D:8      | Reached skill level 5 in Axes
  5630 | D:8      | Reached skill level 5 in Maces & Flails
  5630 | D:8      | Reached skill level 5 in Polearms
  5630 | D:8      | Reached skill level 5 in Staves
  5630 | D:8      | Reached skill level 5 in Ranged Weapons
  5630 | D:8      | Reached skill level 5 in Throwing
  5630 | D:8      | Reached skill level 5 in Armour
  5630 | D:8      | Reached skill level 5 in Shields
  5630 | D:8      | Reached skill level 5 in Unarmed Combat
  5630 | D:8      | Reached skill level 5 in Spellcasting
  5630 | D:8      | Reached skill level 5 in Evocations
  5630 | D:8      | Reached XP level 10. HP: 67/81 MP: 17/17
  5779 | D:8      | Found a staircase to the Lair.
  5783 | D:8      | Reached *** piety under the Shining One
  5827 | D:8      | Found a flagged portal.
  5842 | Bailey   | Entered a bailey
  5988 | Bailey   | Noticed a two-headed ogre
  6032 | Bailey   | Killed a two-headed ogre
  6407 | D:8      | Reached skill level 5 in Conjurations
  6407 | D:8      | Reached skill level 5 in Hexes
  6407 | D:8      | Reached skill level 5 in Summonings
  6407 | D:8      | Reached skill level 5 in Necromancy
  6407 | D:8      | Reached skill level 5 in Translocations
  6407 | D:8      | Reached skill level 5 in Transmutations
  6407 | D:8      | Reached skill level 5 in Fire Magic
  6407 | D:8      | Reached skill level 5 in Ice Magic
  6407 | D:8      | Reached skill level 5 in Air Magic
  6407 | D:8      | Reached skill level 5 in Earth Magic
  6407 | D:8      | Reached skill level 5 in Poison Magic
  6407 | D:8      | Reached XP level 11. HP: 76/89 MP: 18/20
  6648 | D:8      | Found a runed translucent gate.
  6797 | D:8      | Found a runed translucent gate.
  6797 | D:8      | Found a runed translucent gate.
  6800 | D:8      | Noticed crasatator's ghost (novice TrFi)
  7036 | D:8      | Found a shimmering blue altar of Sif Muna.
  7155 | D:8      | Found a viscous altar of Jiyva.
  7168 | D:9      | Noticed Harold
  7351 | D:9      | Reached **** piety under the Shining One
  7574 | D:9      | Killed Harold
  7901 | D:10     | Entered Level 10 of the Dungeon
  8083 | D:10     | Noticed a two-headed ogre
  8096 | D:10     | Killed a two-headed ogre
  8461 | D:10     | Found a hazy altar of Hepliaklqana.
  8466 | D:10     | Noticed a deep elf pyromancer
  8475 | D:10     | Killed a deep elf pyromancer
  8850 | D:11     | Noticed a cyclops
  8953 | D:11     | Noticed a two-headed ogre
  8966 | D:11     | Killed a two-headed ogre
  9009 | D:11     | Noticed a cyclops
  9022 | D:11     | Killed a cyclops
  9115 | D:11     | Reached XP level 12. HP: 93/97 MP: 22/22
  9135 | D:11     | Noticed a two-headed ogre
  9173 | D:11     | Killed a two-headed ogre
  9470 | D:11     | Reached skill level 10 in Fighting
  9470 | D:11     | Reached skill level 10 in Long Blades
  9470 | D:11     | Reached skill level 10 in Dodging
  9535 | D:11     | Identified the +8 hand axe of Ynoj {venom, rPois}
  9579 | D:11     | Noticed a two-headed ogre
  9588 | D:11     | Killed a two-headed ogre
  9610 | D:11     | Noticed Psyche
  9622 | D:11     | Killed Psyche
  9768 | D:11     | Found a staircase to the Orcish Mines.
 10521 | D:12     | Reached ***** piety under the Shining One
 10559 | D:12     | Noticed Josephine
 10591 | D:12     | Killed Josephine
 10687 | D:12     | Noticed a two-headed ogre
 10700 | D:12     | Killed a two-headed ogre
 10701 | D:12     | Reached XP level 13. HP: 83/104 MP: 25/25
 10833 | D:12     | Noticed Maurice
 10859 | D:12     | Killed Maurice
 11209 | D:12     | Found a runed translucent door.
 11246 | D:12     | Found an iron altar of Okawaru.
 11276 | D:12     | Found a snail-covered altar of Cheibriados.
 11287 | D:12     | Found a shadowy altar of Dithmenos.
 11294 | D:12     | Found a stormy altar of Qazlal.
 11421 | D:12     | Found a shimmering blue altar of Sif Muna.
 11459 | D:12     | Found a hide-covered altar of Uskayaw.
 12143 | D:13     | Noticed a yaktaur captain
 12145 | D:13     | Found a gate to the Vaults.
 12156 | D:13     | Killed a yaktaur captain
 12417 | D:13     | Reached skill level 10 in Stealth
 12777 | D:13     | Reached XP level 14. HP: 113/113 MP: 6/27
 13063 | D:14     | Reached skill level 10 in Invocations
 13746 | D:15     | Entered Level 15 of the Dungeon
 14675 | D:15     | Found a staircase to the Depths.
 14878 | Orc:1    | Entered Level 1 of the Orcish Mines
 15263 | Orc:1    | Found Yzijelatz's Magic Scroll Shop.
 15273 | Orc:1    | Bought a scroll of teleportation for 45 gold pieces
 15273 | Orc:1    | Bought a scroll of fear for 60 gold pieces
 15337 | Orc:1    | Found Riytwak's Weapon Shop.
 15666 | Orc:1    | Found Pur Romm's Antique Weapon Shoppe.
 15706 | Orc:2    | Entered Level 2 of the Orcish Mines
 15930 | Orc:2    | Found Fiowital's Assorted Antiques.
 16017 | Orc:2    | Bought a fuming dark potion for 16 gold pieces
 16017 | Orc:2    | Bought a fuming dark potion for 16 gold pieces
 16017 | Orc:2    | Bought a scroll of identify for 36 gold pieces
 16021 | Orc:2    | Found Lafoecadgh's Antique Armour Emporium.
 16026 | Orc:2    | Bought a brightly glowing ring mail for 189 gold pieces
 16026 | Orc:2    | Identified the +0 ring mail of the Skies Above {rPois
                  | Str+4} (You bought it in a shop on level 2 of the Orcish
                  | Mines)
 16026 | Orc:2    | Bought a slimy scale mail for 189 gold pieces
 16026 | Orc:2    | Identified the +1 scale mail "Gash" {rElec Regen+ Stlth+}
                  | (You bought it in a shop on level 2 of the Orcish Mines)
 16047 | Orc:2    | Found a staircase to the Elven Halls.
 16114 | Orc:2    | Found Xuxa's Magic Scroll Shoppe.
 16126 | Orc:2    | Bought a scroll of blinking for 97 gold pieces
 16179 | Orc:2    | Found Gaelicsil's Armour Shoppe.
 16186 | Orc:2    | Found Sikkuna's Assorted Antiques.
 16367 | Orc:2    | Reached skill level 10 in Short Blades
 16367 | Orc:2    | Reached skill level 10 in Axes
 16367 | Orc:2    | Reached skill level 10 in Maces & Flails
 16367 | Orc:2    | Reached skill level 10 in Polearms
 16367 | Orc:2    | Reached skill level 10 in Staves
 16367 | Orc:2    | Reached skill level 10 in Ranged Weapons
 16367 | Orc:2    | Reached skill level 10 in Throwing
 16367 | Orc:2    | Reached skill level 10 in Armour
 16367 | Orc:2    | Reached skill level 10 in Shields
 16367 | Orc:2    | Reached skill level 10 in Unarmed Combat
 16367 | Orc:2    | Reached skill level 10 in Spellcasting
 16367 | Orc:2    | Reached skill level 10 in Evocations
 16589 | Orc:2    | Reached XP level 15. HP: 102/120 MP: 25/29
 16598 | Orc:2    | Found Taoni's General Store.
 16963 | Orc:2    | Found Bujib's Armour Shoppe.
 16966 | Orc:2    | Found Emaheant's Book Shoppe.
 17003 | Orc:2    | Found Luqias's Antique Armour Boutique.
 17009 | Orc:2    | Bought a sapphire-studded ring mail for 162 gold pieces
 17009 | Orc:2    | Identified the +6 ring mail of Refuge {rPois} (You bought
                  | it in a shop on level 2 of the Orcish Mines)
 17023 | Orc:2    | Bought an ancient ring mail for 162 gold pieces
 17023 | Orc:2    | Identified the +1 ring mail of Vitu {Harm} (You bought it
                  | in a shop on level 2 of the Orcish Mines)
 17026 | Orc:2    | Bought a bronze chain mail for 171 gold pieces
 17026 | Orc:2    | Identified the +2 chain mail of the Orcish Mines {Drain
                  | rF+++ Slay+3 Stlth+} (You bought it in a shop on level 2 of
                  | the Orcish Mines)
 17048 | Orc:2    | Bought a book of the Hunter for 390 gold pieces
 17052 | Orc:2    | Learned a level 3 spell: Portal Projectile
 17247 | Orc:1    | Found Caasimp's Armour Boutique.
 17418 | Lair:1   | Entered Level 1 of the Lair of Beasts
 17661 | Lair:1   | Found a frozen archway.
 17680 | IceCv    | Entered an ice cave
 18361 | IceCv    | Identified the ring "Wang" {Drain Will+ AC+4 Dex+3}
 18747 | Lair:1   | Found an ancient bone altar of Kikubaaqudgha.
 19568 | Lair:2   | Noticed SlaveLabor's ghost (journeyman DECj)
 20024 | Lair:2   | Found a runed translucent door.
 20382 | Lair:2   | Killed SlaveLabor's ghost
 20436 | Lair:3   | Found a staircase to the Shoals.
 20696 | Lair:3   | Found a gate leading to a gauntlet.
 20700 | Lair:3   | Found a staircase to the Snake Pit.
 20705 | Gauntlet | Entered a Gauntlet
 20705 | Gauntlet | Found a transporter.
 20713 | Gauntlet | Found a runed translucent door.
 20716 | Gauntlet | Found a transporter.
 20717 | Gauntlet | Found a transporter.
 20718 | Gauntlet | Found a transporter.
 20726 | Gauntlet | Found a transporter.
 20729 | Gauntlet | Found a transporter.
 20730 | Gauntlet | Found a transporter.
 20742 | Gauntlet | Found a transporter.
 20743 | Gauntlet | Found a transporter.
 20743 | Gauntlet | Found a transporter.
 20755 | Gauntlet | Found a transporter.
 20755 | Gauntlet | Found a transporter.
 20756 | Gauntlet | Found a transporter.
 20764 | Gauntlet | Found a transporter.
 21008 | Gauntlet | Identified the +1 hat of Anonaps {Rampage rElec rPois
                  | Will+}
 21080 | Gauntlet | Identified the +5 ring mail of the Thirsty Eyes {Dex+5}
 21647 | Lair:3   | Identified the +1 robe "Istoz" {rF+ Regen+ Int+6 Slay-2}
 21984 | Lair:4   | Found a staircase to the Slime Pits.
 21985 | Lair:4   | Found a viscous altar of Jiyva.
 22541 | Lair:5   | Entered Level 5 of the Lair of Beasts
 22582 | Lair:5   | Learned a level 2 spell: Wereblood
 22587 | Lair:5   | Learned a level 4 spell: Iskenderun's Mystic Blast
 22591 | Lair:5   | Learned a level 3 spell: Call Canine Familiar
 22595 | Lair:5   | Learned a level 3 spell: Teleport Other
 22598 | Lair:5   | Learned a level 2 spell: Momentum Strike
 22825 | Lair:5   | Reached XP level 16. HP: 129/129 MP: 30/30
 23243 | Lair:5   | Reached ****** piety under the Shining One
 23985 | Snake:1  | Entered Level 1 of the Snake Pit
 24277 | Snake:1  | You fall into a shaft and drop 1 floor!
 24279 | Snake:2  | Noticed Asterion
 24290 | Snake:2  | Killed Asterion
 24296 | Snake:2  | Noticed a profane servitor
 24341 | Snake:2  | Noticed Dipij's ghost (adept DEFE)
 24624 | Snake:2  | Found a transporter.
 25137 | Snake:2  | Found a one-way gate to the infinite horrors of the Abyss.
 25191 | Snake:2  | Noticed Saint Roka
 25201 | Snake:2  | Killed Saint Roka
 25359 | Snake:2  | Reached XP level 17. HP: 136/137 MP: 27/32
 25815 | Snake:2  | Reached skill level 10 in Conjurations
 25815 | Snake:2  | Reached skill level 10 in Hexes
 25815 | Snake:2  | Reached skill level 10 in Summonings
 25815 | Snake:2  | Reached skill level 10 in Necromancy
 25815 | Snake:2  | Reached skill level 10 in Translocations
 25815 | Snake:2  | Reached skill level 10 in Transmutations
 25815 | Snake:2  | Reached skill level 10 in Fire Magic
 25815 | Snake:2  | Reached skill level 10 in Ice Magic
 25815 | Snake:2  | Reached skill level 10 in Air Magic
 25815 | Snake:2  | Reached skill level 10 in Earth Magic
 25815 | Snake:2  | Reached skill level 10 in Poison Magic
 26046 | Snake:2  | Found a transporter.
 27348 | Snake:3  | Found a transporter.
 27352 | Snake:3  | Noticed NoAnimeNoLife's ghost (adept MiFi)
 27367 | Snake:3  | Found a transporter.
 28156 | Snake:3  | Killed NoAnimeNoLife's ghost
 28159 | Snake:3  | Identified the ring of Zitad {rPois rF+}
 28168 | Snake:3  | Identified the +3 chain mail "Qyivuapn" {Will++ rCorr Str-5
                  | SInv}
 28333 | Snake:4  | Entered Level 4 of the Snake Pit
 28512 | Snake:4  | Upgraded the game from 0.30-a0-394-g3e4acdb0ae to
                  | 0.30-a0-424-g7412bad402
 28645 | Snake:4  | Found a basalt altar of Yredelemnul.
 29102 | Snake:4  | Noticed a quicksilver dragon
 29108 | Snake:4  | Noticed a quicksilver dragon
 29116 | Snake:4  | Killed from afar by a quicksilver dragon

Illustrated notes

Levels and vault maps discovered:
D:1:      scummos_arrival_hexagon, layout_basic, minmay_misc_feat_iff
D:2:      layout_rooms, basic_altar, hangedman_abyss_or_decor_stabs,
          nrook_loot_triangle
D:3:      layout_loops_ring, nicolae_vehumet_radiance, minmay_ogre_servants,
          uniq_sigmund
D:4:      layout_basic, mainiacjoe_overflow_tiny_flanked, minmay_circle_x
D:5:      layout_cave_pools, nicolae_ru_path_of_blood, uniq_prince_ribbit1
D:6:      minmay_skewed_foursquare, layout_basic,
          gammafunk_temple_overflow_statue, nicolae_gozag_seed_capital,
          minmay_temple_entry_hall, serial_shops, nicolae_shop_stone,
          serial_bayou_lake_a
D:7:      layout_basic, okawaru_humans
D:8:      layout_basic, tgw_sif, due_lair_maze_entry_diamond,
          gammafunk_ghost_ooze, serial_ice, serial_ice_m, serial_ice_i,
          serial_ice_o, serial_ice_d, enter_bailey_3
D:9:      layout_cross, uniq_harold
D:10:     layout_cave_pods, nicolae_overflow_crystal_walls, minmay_misc_feat_x,
          minmay_misc_feat_room
D:11:     minmay_chambers_of_sixes, layout_rooms, erik_orc_3, st_stairs_11,
          uniq_psyche
D:12:     due_megacathedral, layout_basic, uniq_josephine, uniq_maurice
D:13:     layout_loops_ring, david_vaults_2, special_room [special_room_bee],
          serial_demonic, serial_demonic_a, serial_demonic_d, serial_demonic_g,
          serial_demonic_e, serial_demonic_b, serial_demonic_b,
          serial_demonic_a, st_stairs_6
D:14:     layout_roguey, minivault_25
D:15:     grunt_enter_depths_magical_seal, layout_long_grid,
          minmay_misc_feat_five, minmay_mirror_moons_of_madness
Temple:   dshaligram_water_room_temple
Lair:1:   layout_layer_cave, portal_ice_cave_entry_ice_simulacra, basic_altar,
          grunt_megastairs_3, lemuel_fruit_fields, infiniplex_staircase_pool
Lair:2:   layout_regular_city, hellmonk_ghost_happy_afterlife,
          infiniplex_staircase_pool_2
Lair:3:   layout_small_grid, minmay_shoals_entry_beasts, dummy_snake_entry,
          gauntlet_entry_generic
Lair:4:   layout_regular_city, nicolae_slime_entry_slimehenge
Lair:5:   guppyfry_lair_end_dragon, layout_small_grid,
          hangedman_lair_caniforms_friends
Snake:1:  layout_rooms, nicolae_snake_guarding_the_ruins
Snake:2:  layout_layer_cave, gammafunk_ghost_abyssal_escape, minmay_snake_pond,
          uniq_asterion, uniq_saint_roka
Snake:3:  layout_layer_cave, gammafunk_ghost_berserking_beasts,
          serial_bayou_shore_a, grunt_megastairs_2
Snake:4:  hellmonk_snake_rune_quicksilver_temple, layout_cave_town, basic_altar
Orc:1:    layout_diamond_mine, serial_shops, shop, shop, nicolae_square_shop,
          nicolae_shop_trees, elves_outpost_lemuel
Orc:2:    hellmonk_orc_salted, layout_caves, serial_shops, shop, shop_statue,
          shop, shop, shop, mines2_david

Skill      XL: |  1  2  3  4  5  6  7  8  9 10 11 12 13 14 15 16 17 |
---------------+----------------------------------------------------+-----
Invocations    | 1 2 3 4 5 6 7 8 9 10 11 12 13 | 13.4
Short Blades   | 1 2 3 5 6 7 8 9 10 11 12 | 12.4
Axes           | 1 2 3 5 6 7 8 9 10 11 12 | 12.4
Maces & Flails | 1 2 3 5 6 7 8 9 10 11 12 | 12.4
Polearms       | 1 2 3 5 6 7 8 9 10 11 12 | 12.4
Staves         | 1 2 3 5 6 7 8 9 10 11 12 | 12.4
Ranged Weapons | 1 2 3 5 6 7 8 9 10 11 12 | 12.4
Throwing       | 1 2 3 5 6 7 8 9 10 11 12 | 12.4
Armour         | 1 2 3 5 6 7 8 9 10 11 12 | 12.4
Shields        | 1 2 3 5 6 7 8 9 10 11 12 | 12.4
Unarmed Combat | 1 2 3 5 6 7 8 9 10 11 12 | 12.4
Spellcasting   | 1 2 3 5 6 7 8 9 10 11 12 | 12.4
Evocations     | 1 2 3 5 6 7 8 9 10 11 12 | 12.4
Conjurations   | 1 2 3 4 5 6 7 8 9 10 | 10.5
Hexes          | 1 2 3 4 5 6 7 8 9 10 | 10.5
Summonings     | 1 2 3 4 5 6 7 8 9 10 | 10.5
Necromancy     | 1 2 3 4 5 6 7 8 9 10 | 10.5
Translocations | 1 2 3 4 5 6 7 8 9 10 | 10.5
Transmutations | 1 2 3 4 5 6 7 8 9 10 | 10.5
Fire Magic     | 1 2 3 4 5 6 7 8 9 10 | 10.5
Ice Magic      | 1 2 3 4 5 6 7 8 9 10 | 10.5
Air Magic      | 1 2 3 4 5 6 7 8 9 10 | 10.5
Earth Magic    | 1 2 3 4 5 6 7 8 9 10 | 10.5
Poison Magic   | 1 2 3 4 5 6 7 8 9 10 | 10.5
Fighting       | 7 8 9 10 11 12 13 | 13.9
Long Blades    | 7 8 9 10 11 12 13 | 13.9
Dodging        | 7 8 9 10 11 12 13 | 13.9
Stealth        | 5 6 7 8 9 10 11 12 13 | 13.0

Action                   |  1- 3 |  4- 6 |  7- 9 | 10-12 | 13-15 | 16-18 || total
-------------------------+-------+-------+-------+-------+-------+-------++-------
Melee: Falchion          |    80 |    72 |   269 |   444 |       |       ||   865
       Bite              |     4 |     9 |    30 |   103 |   248 |   212 ||   606
       Punch             |     1 |     1 |     7 |    26 |   100 |       ||   135
       Hand axe          |       |       |       |   154 |   403 |       ||   557
       Scimitar          |       |       |       |       |   949 |   969 ||  1918
 Fire: Sling             |       |    10 |   138 |   105 |    11 |       ||   264
Throw: Dart              |       |       |    28 |    68 |    20 |       ||   116
       Throwing net      |       |       |       |     4 |       |       ||     4
       Boomerang         |       |       |       |       |    84 |    19 ||   103
       Javelin           |       |       |       |       |    10 |       ||    10
 Cast: Blink             |       |       |       |       |     2 |       ||     2
       Wereblood         |       |       |       |       |       |    10 ||    10
       Momentum Strike   |       |       |       |       |       |     2 ||     2
       Iskenderun's Myst |       |       |       |       |       |     1 ||     1
Invok: Divine Shield     |       |       |       |     1 |    10 |    13 ||    24
       Cleansing Flame   |       |       |       |       |    38 |    21 ||    59
       Summon Divine War |       |       |       |       |     2 |     1 ||     3
Evoke: Wand              |       |       |     1 |    23 |    23 |     5 ||    52
       Box of beasts     |       |       |       |       |     3 |     3 ||     6
       Tin of tremorston |       |       |       |       |       |     5 ||     5
  Use: Scroll            |       |    11 |    12 |     6 |     9 |     3 ||    41
       Potion            |       |       |     5 |     2 |     1 |       ||     8
 Stab: Sleeping          |     7 |     2 |     1 |       |       |       ||    10
       Distracted        |       |     2 |       |       |       |       ||     2
Armor: Robe              |    20 |    13 |    28 |       |       |       ||    61
       Ring mail         |       |       |    61 |       |   148 |   259 ||   468
       Steam dragon scal |       |       |    11 |    64 |       |       ||    75
       Acid dragon scale |       |       |       |    69 |   199 |       ||   268
       Skin              |       |       |       |     2 |       |       ||     2
       Scale mail        |       |       |       |       |    62 |       ||    62
Dodge: Dodged            |    63 |    62 |   255 |   461 |  1039 |   693 ||  2573
Block: Other             |       |       |       |     4 |    47 |       ||    51
       Buckler           |       |       |       |       |   133 |   693 ||   826

Table legend: (Time is in decaauts)
 A = Elapsed time spent in this place.
 B = Non-inter-level travel time spent in this place.
 C = Inter-level travel time spent in this place.
 D = Time resting spent in this place.
 E = Time spent auto-exploring this place.
 F = Levels seen in this place.
 G = Mean time per level.
                   A        B        C        D        E       F      G
               +--------+--------+--------+--------+--------+-----+--------+
         Total |  28731 |  27513 |   1218 |   2935 |  15712 |  30 |  957.7 |
       Dungeon |  14593 |  13900 |    693 |   1818 |   7382 |  15 |  972.9 |
        Temple |     94 |     75 |     19 |      0 |     60 |   1 |   94.0 |
          Lair |   5180 |   4930 |    250 |      3 |   3602 |   5 | 1036.0 |
     Snake Pit |   4981 |   4856 |    125 |    444 |   3170 |   4 | 1245.2 |
  Orcish Mines |   2190 |   2061 |    129 |    251 |   1088 |   2 | 1095.0 |
        Bailey |    428 |    428 |      0 |     81 |    107 |   1 |  428.0 |
      Ice Cave |    800 |    800 |      0 |    291 |    170 |   1 |  800.0 |
      Gauntlet |    462 |    462 |      0 |     46 |    133 |   1 |  462.0 |
               +--------+--------+--------+--------+--------+-----+--------+

Top non-repeatable levels by time:
 Snake:3: 1976 daAuts
    D:11: 1554 daAuts
 Snake:2: 1512 daAuts
    D:12: 1501 daAuts
  Lair:1: 1331 daAuts
   Orc:2: 1309 daAuts
  Lair:5: 1265 daAuts
    D:13: 1253 daAuts
     D:8: 1191 daAuts
    D:15: 1023 daAuts
     D:6: 1016 daAuts
    D:10: 1011 daAuts
     D:4: 941 daAuts
  Lair:2: 909 daAuts
   Orc:1: 880 daAuts
